AoeStats
← [GDL] Maldito Pantoja

Black Forest

502903168Analyzed
4v4 RM · 1mo ago on Aug 29, 2026· 40m 38s· 8 players
Game mode
Random Map
Map size
Large (8 player)
Population
200
Speed
Normal
Resources
Standard
Victory
Conquest
Starting age
Dark Age
Ending age
Imperial Age
RankedLock teamsTeams togetherTeam positionsShared explorationLock speedFull tech treeHidden civsTurbo modeCheats
Victory
Defeat
🇺🇦 Britons · Ukraine
1270
+15
🇨🇦 Huns · Canada
1256
+15
🇦🇹 Teutons · Austria
1232
+16
🇮🇱 Armenians · Israel
1225
+17
🇲🇽 Saracens · Mexico
1297
-18
🇨🇳 Persians · China
1253
-16
🇨🇳 Celts · China
1237
-16
🇨🇱 Vikings · Chile
1178
-13
Webmaster
3:26 Loom
11:26 Feudal Age
15:10 Castle Age
13:23 Double-Bit Axe
13:50 Horse Collar
16:39 Bow Saw
16:37 Heavy Plow
20:19 Wheelbarrow
21:58 Hand Cart
22:44 Gold Mining
25:09 Stone Mining
26:06 Scale Barding Armor
26:12 Forging
29:04 Imperial Age
27:13 Stone Shaft Mining
28:12 Chain Barding Armor
28:28 Iron Casting
29:14 Bloodlines
29:15 Cavalier
30:49 Plate Barding Armor
31:15 Blast Furnace
31:21 Chemistry
31:51 Crop Rotation
32:24 Two-Man Saw
31:49 Scale Mail Armor
31:39 Fletching
32:36 Paladin
34:33 Bombard Tower
35:45 Conscription
35:19 Arrowslits
37:03 Siege Engineers
37:05 Caravan
Coach_E
0:27 Loom
14:02 Feudal Age
17:43 Castle Age
24:52 Double-Bit Axe
28:01 Forging
28:56 Husbandry
29:45 Horse Collar
30:45 Scale Barding Armor
31:12 Bloodlines
32:00 Chain Barding Armor
32:54 Wheelbarrow
34:55 Iron Casting
34:41 Town Watch
39:57 Imperial Age
38:25 Masonry
39:59 Cavalier
41:30 Plate Barding Armor
41:56 Blast Furnace
Mike
6:55 Loom
11:42 Feudal Age
15:23 Castle Age
13:46 Double-Bit Axe
14:19 Horse Collar
16:41 Bow Saw
22:44 Pikeman
25:32 Scale Mail Armor
27:22 Chain Mail Armor
27:18 Forging
27:45 Wheelbarrow
29:38 Heavy Plow
29:30 Gold Mining
29:32 Stone Mining
30:22 Hand Cart
30:57 Iron Casting
32:13 Fletching
32:23 Padded Archer Armor
35:24 Imperial Age
33:00 Man-at-Arms
33:26 Gambesons
33:41 Squires
33:39 Bodkin Arrow
34:27 Long Swordsman
36:05 Leather Archer Armor
36:04 Two-Handed Swordsman
37:15 Plate Mail Armor
37:45 Blast Furnace
37:30 Town Watch
37:12 Elite Skirmisher
38:14 Bracer
39:08 Ring Archer Armor
38:09 Champion
39:21 Conscription
39:37 Fereters
40:58 Conscription
nikikiker
1:17 Loom
13:12 Feudal Age
14:15 Double-Bit Axe
17:08 Castle Age
16:16 Horse Collar
16:38 Stone Mining
21:26 Gold Mining
21:47 Bow Saw
22:53 Wheelbarrow
22:34 Town Watch
25:00 Hand Cart
25:38 Fletching
26:24 Bodkin Arrow
31:07 Imperial Age
28:48 Padded Archer Armor
30:33 Leather Archer Armor
31:10 Elite Longbowman
32:13 Conscription
32:23 Ballistics
33:07 Chemistry
32:48 Gold Shaft Mining
32:16 Heavy Plow
32:35 Bracer
32:55 Heated Shot
33:28 Ballistics
33:30 Siege Engineers
34:24 Ring Archer Armor
36:28 Warwolf
35:58 Capped Ram
37:59 Yeomen
37:36 Pikeman
38:17 Squires
40:50 Masonry
[GDL] Maldito Pantoja
1:08 Loom
11:37 Feudal Age
14:35 Fletching
16:57 Padded Archer Armor
24:27 Castle Age
22:28 Double-Bit Axe
24:09 Gold Mining
24:01 Horse Collar
24:37 Crossbowman
25:13 Bodkin Arrow
28:34 Wheelbarrow
31:54 Heavy Plow
32:30 Gold Shaft Mining
34:57 Stone Mining
35:18 Bow Saw
35:43 Scale Barding Armor
37:06 Bloodlines
36:56 Husbandry
39:35 Imperial Age
38:01 Forging
39:06 Chain Barding Armor
39:22 Iron Casting
40:03 Bloodlines
39:53 Husbandry
40:31 Hand Cart
40:38 Conscription
Loco Saiti
10:51 Feudal Age
14:51 Castle Age
13:08 Double-Bit Axe
13:07 Horse Collar
14:04 Gold Mining
14:19 Loom
16:06 Bow Saw
17:09 Scale Barding Armor
17:43 Forging
25:07 Chain Barding Armor
25:42 Fishing Lines
27:02 Stone Mining
30:42 Imperial Age
29:24 Scale Mail Armor
29:20 Treadmill Crane
30:20 Gold Shaft Mining
30:35 Iron Casting
29:44 Man-at-Arms
30:09 Gambesons
30:25 Squires
30:10 Arson
30:12 Pikeman
30:52 Gambesons
31:32 Chain Mail Armor
31:23 Caravan
30:46 Long Swordsman
31:14 Arson
31:46 Two-Handed Swordsman
33:02 Conscription
34:01 Plate Mail Armor
35:03 Blast Furnace
34:05 Champion
36:03 Chieftains
40:31 Fletching
40:41 Padded Archer Armor
5720638
12:42 Feudal Age
17:01 Castle Age
15:33 Double-Bit Axe
16:04 Fishing Lines
18:04 Bow Saw
18:07 Gillnets
19:19 Loom
23:45 Wheelbarrow
30:00 Imperial Age
27:47 Hand Cart
27:18 Town Watch
31:23 Chemistry
30:44 Ballistics
31:11 Stone Mining
31:12 Gold Mining
32:38 Town Patrol
32:51 Cavalier
33:32 Husbandry
33:43 Bloodlines
32:55 Light Cavalry
33:47 Forging
33:43 Scale Barding Armor
34:00 Conscription
33:51 Citadels
33:42 Kamandaran
33:03 Elite War Elephant
34:14 Savar
35:49 Chain Barding Armor
36:08 Gold Shaft Mining
36:09 Stone Shaft Mining
38:46 Thumb Ring
好邻居
1:11 Loom
11:57 Feudal Age
16:44 Castle Age
15:04 Double-Bit Axe
15:00 Horse Collar
16:18 Horse Collar
16:29 Gold Mining
17:57 Wheelbarrow
17:53 Bow Saw
17:53 Heavy Plow
22:09 Stone Mining
29:52 Hand Cart
32:25 Imperial Age
31:04 Hand Cart
31:17 Ballistics
30:45 Town Watch
31:31 Town Patrol
32:23 Masonry
33:10 Gold Shaft Mining
32:46 Onager
35:08 Chemistry
35:17 Fletching
34:52 Heavy Scorpion
37:00 Siege Engineers
Connection lost

Rejoining the realm…

Still unreachable

The connection could not be restored.

Session expired

The server has moved on; the page needs a fresh start.